 Dungeon Crawl Stone Soup version 0.27.0-1-g7a089689b8 (webtiles) character file.

Game seed: 15169604068420957632

102 SnakkuSnakku7 the Skirmisher (level 4, 0/37 HPs)
             Began as a Vine Stalker Berserker on Aug 11, 2021.
             Was a Believer of Trog.
             Slain by an orc priest (3 damage)
             ... on level 4 of the Dungeon.
             The game lasted 00:01:18 (813 turns).

SnakkuSnakku7 the Skirmisher (VSBe)                  Turns: 813, Time: 00:01:19

Health: 0/37       AC:  2    Str: 20    XL:     4   Next: 77%
Magic:  0/5        EV: 12    Int:  7    God:    Trog [**....]
Gold:   55         SH:  0    Dex: 14    Spells: 3/3 levels left

rFire    . . .     SeeInvis .   a - +0 war axe
rCold    . . .     Faith    .   (no shield)
rNeg     . . .     Spirit   +   b - +0 animal skin
rPois    .         Reflect  .   (no helmet)
rElec    .         Harm     .   (no cloak)
rCorr    .         Rampage  .   (no gloves)
Will     .....                  (no boots)
Stlth    ..........             (no amulet)
HPRegen  1.12/turn              (no ring)
MPRegen  0.09/turn              (no ring)

@: berserking (expiring), very quick
A: fangs 2, regeneration 1, magic shield, antimagic bite, no potion heal 2
a: Renounce Religion, Berserk, Trog's Hand


You were on level 4 of the Dungeon.
You worshipped Trog.
Trog was pleased with you.
You visited 1 branch of the dungeon, and saw 3 of its levels.

You collected 55 gold pieces.

Inventory:

Hand Weapons
 a - a +0 war axe (weapon)
 f - a +0 hand axe
Armour
 b - a +0 animal skin (worn)
Scrolls
 c - a scroll of amnesia {unknown}
 e - 2 scrolls of identify {unknown}
Potions
 d - 2 potions of attraction {unknown}
 g - 2 potions of degeneration {unknown}


   Skills:
 + Level 3.9 Fighting
 + Level 3.9 Axes
 - Level 1.5 Armour
 - Level 1.5 Dodging


You had 3 spell levels left.
You didn't know any spells.
Your spell library was empty.

Dungeon Overview and Level Annotations

Branches:
Dungeon (2/15)

Altars:


Innate Abilities, Weirdness & Mutations

You have extremely sharp teeth.
Your natural rate of healing is unusually fast.
When hurt, damage is shared between your health and your magic reserves.
Your bite disrupts and absorbs the magic of your enemies.
Potions cannot restore your health.


Message History

Trog accepts your kill.
An orc comes into view. It is wielding a +0 short sword.
You have reached level 4!
You feel agile.
You begin to heal more quickly.
The orc shouts!
You slash the jelly!
Your hands burn!
You bite the jelly! You drain its power.
You feel invigorated.
The jelly is almost dead.
You hear a shout!
The jelly barely misses you.
Unknown command.
You slice the jelly!!
You kill the jelly!
Trog accepts your kill.
Unknown command.
You barely miss the orc. Your bite misses the orc. The orc closely misses you.
An orc comes into view. It is wielding a +0 whip.
You closely miss the orc. The orc hits you with a +0 short sword.
* * * LOW HITPOINT WARNING * * *
You barely miss the orc. The orc hits you with a +0 short sword.
* * * LOW HITPOINT WARNING * * *
You closely miss the orc. Your bite misses the orc.
An orc priest comes into view. It is wielding a +0 dagger.
The orc hits you with a +0 short sword.
* * * LOW HITPOINT WARNING * * *
You barely miss the orc. You bite the orc.
You kill the orc!
Trog accepts your kill.
You slash the orc!
You kill the orc!
Trog accepts your kill.
The orc priest mumbles some strange prayers to Beogh against you.
Beogh smites you!
* * * LOW HITPOINT WARNING * * *
Items here: ))) †††.
You hit the orc priest.
The orc priest is moderately wounded.
The orc priest hits you with a +0 dagger.
You die...

####+#........
#.#.########
##########.#.........
.....................
######.#..........#.
#.##########.# #.# ..
#)# # #@#
.......o.......
#####....######
......+ .......#
...)...### .......
.......


You could see an orc priest.

Vanquished Creatures
  A jelly (D:4)
  An orc priest (D:4)
  3 orcs (D:4)
  2 bats (D:1)
  4 endoplasms
  A giant cockroach (D:1)
  3 goblins
  2 hobgoblins
  6 jackals (D:1)
  2 quokkas (D:2)
  5 ball pythons (D:1)
  2 frilled lizards (D:1)
  7 rats
39 creatures vanquished.

Notes
Turn   | Place    | Note
-------+----------+-------------------------------------------
     0 | D:1      | SnakkuSnakku7 the Vine Stalker Berserker began the quest
                  | for the Orb.
     0 | D:1      | Reached XP level 1. HP: 11/11 MP: 2/2
    84 | D:1      | Reached XP level 2. HP: 16/16 MP: 3/3
   231 | D:1      | Reached XP level 3. HP: 10/20 MP: 4/4
   683 | D:2      | Reached ** piety under Trog
   777 | D:2      | You fall into a shaft and drop 2 floors!
   804 | D:4      | Gained mutation: Your natural rate of healing is unusually
                  | fast. [Vine Stalker growth]
   804 | D:4      | Reached XP level 4. HP: 15/25 MP: 1/5
   813 | D:4      | Slain by an orc priest

Illustrated notes

Levels and vault maps discovered:
D:1:      arrival_zaba_pyramid, layout_loops_ring
D:2:      layout_loops_ring, serial_bayou, serial_bayou_pond_a,
          serial_bayou_pond_a, serial_bayou_lagoon_b, serial_bayou_lake_a
D:4:      layout_basic, nicolae_wu_jian_immortal_techniques

Skill      XL: |  1  2 |
---------------+-------+-----
Fighting       | 3 |  3.9
Axes           | 3 |  3.9
Armour         | |  1.5
Dodging        | |  1.5

Action                   |  1- 3 |  4- 6 || total
-------------------------+-------+-------++-------
Melee: Hand axe          |    53 |       ||    53
       Bite              |    13 |     2 ||    15
       War axe           |    12 |     9 ||    21
Invok: Berserk           |     2 |       ||     2
 Stab: Sleeping          |     2 |       ||     2
Armor: Animal skin       |    12 |       ||    12
Dodge: Dodged            |    47 |     2 ||    49
